 Dungeon Crawl Stone Soup version 0.20.0-15-g7f486f2 (webtiles) character file.

424 McKennaii the Shield-Bearer (level 6, -8/53 HPs)
             Began as a Minotaur Fighter on June 11, 2017.
             Killed by divine providence
             ... invoked by an orc priest
              (9 damage)
             ... on level 4 of the Dungeon.
             The game lasted 00:03:22 (2620 turns).

McKennaii the Shield-Bearer (Minotaur Fighter)      Turns: 2620, Time: 00:03:23

Health: -8/53      AC: 10    Str: 26    XL:     6   Next: 64%
Magic:  5/5        EV:  7    Int:  5    God:
Gold:   178        SH: 11    Dex: 11    Spells: 5/5 levels left

rFire    . . .     SeeInvis .   a - +0 flail
rCold    . . .     Gourm    .   c - +0 shield
rNeg     . . .     Faith    .   n - +0 chain mail
rPois    .         Spirit   .   (helmet restricted)
rElec    .         Reflect  .   v - +0 cloak
rCorr    .         Harm     .   (no gloves)
MR       .....                  (no boots)
Stlth    ..........             (no amulet)
Regen    0.2/turn               (no ring)
MPRegen  0.1/turn               (no ring)

@: mighty
A: retaliatory headbutt, horns 2
a: no special abilities


You were on level 4 of the Dungeon.
You were not hungry.

You visited 1 branch of the dungeon, and saw 4 of its levels.

You collected 178 gold pieces.

Inventory:

Hand Weapons
 a - a +0 flail (weapon)
Armour
 c - a +0 shield (worn)
 n - a +0 chain mail (worn)
 v - a +0 cloak (worn)
Scrolls
 b - a scroll of remove curse {unknown}
 e - 3 scrolls of enchant weapon {unknown}
 h - 2 scrolls of recharging {unknown}
 j - 3 scrolls of teleportation {unknown}
 k - a scroll of immolation {unknown}
 l - a scroll of amnesia {unknown}
 o - 4 scrolls of identify {unknown}
 p - 2 scrolls of blinking {unknown}
 q - a scroll of enchant armour {unknown}
Potions
 i - a potion of degeneration {unknown}
 m - a potion of mutation {unknown}
 r - a potion of brilliance {unknown}
 u - a potion of ambrosia {unknown}
Books
 x - a book of Cantrips

   Spells                             Type                      Level
   a - Confusing Touch                Hexes                        1
   b - Animate Skeleton               Necromancy                   1
   c - Summon Small Mammal            Summoning                    1
   d - Apportation                    Translocation                1
Comestibles
 f - 4 bread rations
 g - 2 meat rations
 s - a royal jelly
 t - a fruit


   Skills:
 + Level 4.6 Fighting
 + Level 5.3 Maces & Flails
 + Level 4.8 Armour
 + Level 1.5 Dodging
 + Level 5.9 Shields


You had 5 spell levels left.
You didn't know any spells.

Dungeon Overview and Level Annotations

Branches:
Dungeon (4/15)
 Temple: D:4-7

Altars:

Shops:
D:4 }


Innate Abilities, Weirdness & Mutations

You reflexively headbutt those who attack you in melee.
You have a pair of horns on your head.


Message History

The orc priest mumbles some strange prayers to Beogh against you.
Beogh smites you!
* * * LOW HITPOINT WARNING * * *
The orc hits you but does no damage.
The orc wizard casts a spell.
The orc wizard blinks!
Your chain mail prevents you from hitting the orc.
Your headbutt misses the orc. The orc hits you but does no damage.
You block the orc's attack. The orc priest barely misses you.
The orc hits you but does no damage. You block the orc's attack.
The orc priest hits you but does no damage.
Found a stone staircase leading down.
Things that are here:
a club; a leather armour The orc wizard gestures wildly while chanting.
The orc wizard blinks!
The orc hits you with a dagger.
* * * LOW HITPOINT WARNING * * *
The orc priest invokes the aid of Beogh against you.
Beogh smites you!
You die...

##......# ###.......#
####........##
########.......§....#
#...................####
##........###...†....=..
#..####### ###......)..
##.# ##oo...### ##.#
#o@...## #.##
#..>....### ###.#
#......### .#..# .######
....# ....##..# .......#
.###...# ## ######


You could see an orc priest and 2 orcs.

Vanquished Creatures
  An ogre (D:4)
  A phantom (D:4)
  An orc wizard (D:4)
  An orc priest (D:4)
  A bullfrog skeleton (D:4)
  An iguana (D:4)
  A gnoll (D:1)
  5 adders
  An ooze (D:4)
  A worm (D:3)
  A dart slug (D:2)
  2 leopard geckos
  6 orcs
  3 ball pythons
  5 giant cockroaches
  4 goblins
  6 hobgoblins
  15 jackals
  7 kobolds
  4 quokkas
  2 bats (D:1)
  4 frilled lizards
  7 rats
80 creatures vanquished.

Notes
Turn   | Place    | Note
-------+----------+-------------------------------------------
     0 | D:1      | McKennaii the Minotaur Fighter began the quest for the Orb.
     0 | D:1      | Reached XP level 1. HP: 19/19 MP: 0/0
    66 | D:1      | Reached XP level 2. HP: 27/27 MP: 1/1
   312 | D:1      | Reached XP level 3. HP: 22/33 MP: 2/2
  1464 | D:2      | Reached XP level 4. HP: 40/40 MP: 3/3
  1590 | D:3      | Reached skill level 1 in Dodging
  2056 | D:4      | Reached XP level 5. HP: 45/47 MP: 4/4
  2220 | D:4      | Found Deimeuze's Gadget Shoppe.
  2270 | D:4      | Reached skill level 5 in Shields
  2310 | D:4      | Noticed an ogre
  2316 | D:4      | Killed an ogre
  2364 | D:4      | Reached XP level 6. HP: 49/53 MP: 5/5
  2608 | D:4      | Reached skill level 5 in Maces & Flails
  2617 | D:4      | HP: 2/53 [orc priest/divine providence (11)]
  2620 | D:4      | Killed from afar by an orc priest

Skill      XL: |  1  2  3  4  5  6 |
---------------+-------------------+-----
Shields        | 4 5 |  5.9
Fighting       | 4 |  4.6
Armour         | 4 |  4.8
Maces & Flails | 3 4 5 |  5.3
Dodging        | 1 |  1.5

Action                   |  1- 3 |  4- 6 || total
-------------------------+-------+-------++-------
Melee: Flail             |   117 |   117 ||   234
       Headbutt          |    16 |    21 ||    37
  Use: Potion            |       |     1 ||     1
  Eat: Chunk             |     1 |     5 ||     6
Armor: Scale mail        |    48 |       ||    48
       Chain mail        |    21 |    85 ||   106
Dodge: Dodged            |    35 |    43 ||    78
Block: Shield            |    66 |    99 ||   165
